 Dungeon Crawl Stone Soup version 0.22-a0-419-g492bfec (webtiles) character file.

42 Goblin1989 the Chopper (level 3, 0/29 HPs)
             Began as a Demonspawn Chaos Knight on May 15, 2018.
             Succumbed to an adder's poison
             ... on level 3 of the Dungeon.
             The game lasted 00:04:11 (311 turns).

Goblin1989 the Chopper (Demonspawn Chaos Knight)     Turns: 311, Time: 00:04:12

Health: 0/29       AC:  5    Str: 12    XL:     3   Next: 33%
Magic:  3/3        EV: 11    Int: 14    God:    Xom [....*.]
Gold:   46         SH:  0    Dex: 12    Spells: 2/2 levels left

rFire    . . .     SeeInvis .   a - +0 hand axe (chaos)
rCold    . . .     Gourm    .   (no shield)
rNeg     . . .     Faith    .   b - +2 leather armour
rPois    .         Spirit   .   (no helmet)
rElec    .         Reflect  .   (no cloak)
rCorr    .         Harm     .   (no gloves)
MR       .....                  (no boots)
Stlth    ++........             (no amulet)
HPRegen  0.09/turn              (no ring)
MPRegen  0.08/turn              (no ring)

@: lethally poisoned (0 -> -2)
A: nightstalker 1
a: Renounce Religion


You were on level 3 of the Dungeon.
You worshipped Xom.
You were a beloved toy of Xom.
You were not hungry.

You visited 1 branch of the dungeon, and saw 3 of its levels.

You collected 46 gold pieces.

Inventory:

Hand Weapons
 a - a +0 hand axe of chaos (weapon)
Armour
 b - a +2 leather armour (worn)
Comestibles
 e - 3 rations


   Skills:
 - Level 3.0 Fighting
 + Level 4.0 Axes
 - Level 1.7 Armour
 - Level 0.8 Dodging


You had 2 spell levels left.
You didn't know any spells.
Your spell library was empty.

Dungeon Overview and Level Annotations

Branches:
Dungeon (3/15)

Altars:

Annotations:
D:3 Ijyb


Innate Abilities, Weirdness & Mutations

You are slightly more attuned to the shadows.


Message History

The adder is severely wounded.
You hit the orc.
The orc is poisoned.
The adder bites you. The orc barely misses you.
You take 3 damage, and have 26/29 hp.
Unknown command.
You barely miss the adder.
The adder is severely wounded.
You hit the orc but do no damage. The adder bites you.
The teleport trap disappears.
The goblin disappears!
The adder barely misses you. The orc hits you with a club.
You take 5 damage, and have 21/29 hp.
Unknown command.
You hit the adder.
The adder flickers and vanishes!
Deactivating autopickup; reactivate with Ctrl-A.
Xom is highly amused!
You hit the orc but do no damage. Something bites you but does no damage.
The orc misses you.
Unknown command.
You miss something. You hit the orc. You freeze the orc.
You kill the orc!
Something bites you.
You are poisoned.
Something poisons you! Something bites you.
You are more poisoned.
Something poisons you!
You take 3 damage, and have 18/29 hp.
You closely miss something.
You feel sick. Something bites you.
You are lethally poisoned!
Something poisons you!
You take 3 damage, and have 15/29 hp.
You hit something.
Reactivating autopickup.
Your Axes skill increases to level 4!
You feel a bit more experienced.
* * * LOW HITPOINT WARNING * * *
You feel sick.
You take 2 damage, and have 13/29 hp.
You aren't carrying any potions.
* * * LOW HITPOINT WARNING * * *
You feel sick.
There is a stone staircase leading up here.
You take 1 damage, and have 12/29 hp.
* * * LOW HITPOINT WARNING * * *
You feel sick.
You climb upwards.
* * * LOW HITPOINT WARNING * * *
You feel sick.
There is a stone staircase leading down here.
You take 2 damage, and have 10/29 hp.
As you read the scroll labeled MONEAS QUPNY, it crumbles to dust.
The air around you briefly surges with heat, but it dissipates.
It was a scroll of immolation.
* * * LOW HITPOINT WARNING * * *
You feel sick.
Unknown command.
* * * LOW HITPOINT WARNING * * *
You feel sick.
You take 1 damage, and have 9/29 hp.
* * * LOW HITPOINT WARNING * * *
You feel sick.
You take 1 damage, and have 8/29 hp.
* * * LOW HITPOINT WARNING * * *
You feel sick.
You take 1 damage, and have 7/29 hp.
* * * LOW HITPOINT WARNING * * *
You feel sick.
You take 1 damage, and have 6/29 hp.
Found an escape hatch in the floor.
* * * LOW HITPOINT WARNING * * *
You feel sick.
You take 1 damage, and have 5/29 hp.
* * * LOW HITPOINT WARNING * * *
You feel sick.
You take 1 damage, and have 4/29 hp.
* * * LOW HITPOINT WARNING * * *
You feel sick.
There is an escape hatch in the floor here.
* * * LOW HITPOINT WARNING * * *
You feel sick.
You slide downwards.
The hatch slams shut behind you.
You take 1 damage, and have 3/29 hp.
Unknown command.
An ooze comes into view.
* * * LOW HITPOINT WARNING * * *
You feel sick.
The ooze quivers.
You take 1 damage, and have 2/29 hp.
* * * LOW HITPOINT WARNING * * *
You feel sick.
You take 1 damage, and have 1/29 hp.
Unknown command.
* * * LOW HITPOINT WARNING * * *
You feel sick.
You take 1 damage, and have 1/29 hp.
Marking area around Ijyb as unsafe for travelling.
Ijyb the Twisted Goblin comes into view.
She is wielding an enchanted club.
Ijyb shouts!
You hit Ijyb but do no damage.
Waves of light ripple over Ijyb's body.
You die...
Xom is highly amused!

.███ ....████
.......█
.......█
.)....g█
.........@███
.....█.██...█
.....█.████J█
█..........█
█.......J..█
█..█.█.....█
█..........█
█....█.....█
█...██.....█


You could see Ijyb and an ooze.

Vanquished Creatures
  2 adders
  An orc (D:3)
  3 giant cockroaches (D:1)
  3 jackals (D:2)
  3 kobolds
  A ball python (D:2)
  A bat (D:1)
  A frilled lizard (D:1)
  5 goblins (D:1)
  2 rats
22 creatures vanquished.

Notes
Turn   | Place    | Note
-------+----------+-------------------------------------------
     0 | D:1      | Goblin1989 the Demonspawn Chaos Knight began the quest for the Orb.
     0 | D:1      | Reached XP level 1. HP: 18/18 MP: 1/1
     2 | D:1      | XOM: harmless Ice miscast
    50 | D:1      | Reached skill level 3 in Axes
    78 | D:1      | Gained mutation: You are slightly more attuned to the shadows. [demonic ancestry]
    78 | D:1      | Reached XP level 2. HP: 23/24 MP: 2/2
   256 | D:2      | Reached XP level 3. HP: 23/29 MP: 3/3
   257 | D:2      | Goblin1989: !hs * dsck -log
   257 | D:2      | beem: 66727. p0werm0de, XL27 DsCK, T:37126: https://crawl.xtahua.com/crawl/morgue/p0werm0de/morgue-p0werm0de-20180120-171322.txt
   279 | D:3      | Reached skill level 4 in Axes
   303 | D:3      | HP: 1/29 [poisoned by an adder]
   309 | D:3      | Noticed Ijyb
   311 | D:3      | Succumbed to an adder's poison

Vault maps used:
D:1:      minmay_arrival_semitransparent, serial_forest,
          infiniplex_forest_side_room, infiniplex_forest_corner_1,
          infiniplex_forest_end_2, infiniplex_forest_straight_2,
          infiniplex_forest_clump_C, infiniplex_forest_lined_2,
          infiniplex_forest_lined_room_
D:2:      evilmike_ruin_ashenzari
D:3:      lemuel_castle_with_subvaults, first_ration, uniq_terence,
          uniq_jessica, uniq_ijyb

Skill      XL: |  1  2  3 |
---------------+----------+-----
Axes           | 3 4 |  4.0
Fighting       | |  3.0
Armour         | |  1.7
Dodging        | |  0.8

Action                   || total
-------------------------++-------
Melee: Hand axe          ||    50
  Use: Scroll            ||     1
 Stab: Sleeping          ||     5
Armor: Leather armour    ||    21
Dodge: Dodged            ||    45

Table legend:
 A = Spawn XP
 B = Non-spawn XP
 C = Spawn XP percentage of total XP
 D = Spawn monster count
 E = Non-spawn monster count
 F = Spawn count percentage of total count
 G = Total turns spent on level
                    A         B        C        D         E        F      G
               +---------+---------+-------+---------+---------+-------+---------
         Total |       0 |      60 |   0.0 |       0 |      22 |   0.0 |   311
               +---------+---------+-------+---------+---------+-------+---------
           D:1 |       0 |      20 |   0.0 |       0 |      12 |   0.0 |   153
           D:2 |       0 |      23 |   0.0 |       0 |       7 |   0.0 |   132
           D:3 |       0 |      17 |   0.0 |       0 |       3 |   0.0 |    26
               +---------+---------+-------+---------+---------+-------+---------

Vault maps used:
D:1:      minmay_arrival_semitransparent, serial_forest,
          infiniplex_forest_side_room, infiniplex_forest_corner_1,
          infiniplex_forest_end_2, infiniplex_forest_straight_2,
          infiniplex_forest_clump_C, infiniplex_forest_lined_2,
          infiniplex_forest_lined_room_
D:2:      evilmike_ruin_ashenzari
D:3:      lemuel_castle_with_subvaults, first_ration, uniq_terence,
          uniq_jessica, uniq_ijyb
